 Dungeon Crawl Stone Soup version 0.14-a0-840-g06343e3 (webtiles) character file.

173054 MackTheKnife the Warrior (level 19, -3/132 HPs)
             Began as a Formicid Fighter on Nov 12, 2013.
             Was the Champion of Ashenzari.
             Succumbed to a merfolk's poison
             ... on Level 3 of the Shoals on Nov 13, 2013.
             The game lasted 01:51:50 (45620 turns).

MackTheKnife the Warrior (Formicid Fighter)        Turns: 45620, Time: 01:51:51

HP  -3/132       AC 33     Str 25      XL: 19   Next:  2%
MP  30/30        EV  9     Int  7      God: Ashenzari [******]
Gold 2354        SH  0     Dex 15      Spells:  0 memorised, 18 levels left

Res.Fire  : + . .   See Invis. : +   x - +6 giant spiked club (crush) (curse)
Res.Cold  : + . .   Warding    : .   h - +4 gold dragon armour (curse)
Life Prot.: . . .   Conserve   : .   (no shield)
Res.Poison: .       Res.Corr.  : .   (helmet unavailable)
Res.Elec. : .       Clarity    : +   L - +0 cloak {darkness} (curse)
Sust.Abil.: . .     Spirit.Shd : .   A - +0 pair of gauntlets
Res.Mut.  : +       Stasis     : +   R - +0 pair of boots (curse)
Res.Rott. : .       Flight     : +   N - amulet of resist mutation
Saprovore : . . .                    I - cursed ring of protection from magic
                                     f - cursed +4 ring of evasion

@: flying, extremely poisoned, very resistant to hostile enchantments, extremely
unstealthy
A: permanent stasis, dig shafts and tunnels, four strong arms, poison weakness,
antennae 3, exoskeleton 1
a: Dig, Shaft Self, Scrying, Transfer Knowledge, Renounce Religion, Evoke
Invisibility
}: 1/15 runes: barnacled


You were on level 3 of the Shoals.
You worshipped Ashenzari.
Ashenzari was exalted by your worship.
You were very hungry.

You visited 6 branches of the dungeon, and saw 37 of its levels.

You collected 3147 gold pieces.
You spent 793 gold pieces at shops.


Innate Abilities, Weirdness & Mutations

Your are under a permanent stasis effect.
You can dig through walls and to a lower floor.
Your four strong arms can wield any weapon, most with a shield.
You are susceptible to poison.
You have a pair of large antennae on your head (SInv).
Your body is surrounded by an exoskeleton. (HP +5, AC +1)


   Skills:
 + Level 17.9 Fighting
 - Level 16.0(21.1) Maces & Flails
 - Level 16.5(20.3) Armour
 - Level 10.6 Dodging
   Level 3.0 Shields
 - Level 9.0(11.9) Evocations


You had 18 spell levels left.
You didn't know any spells.

Inventory:

Hand weapons
 x - a cursed +6,+6 giant spiked club of crushing (weapon)
Armour
 c - the cursed +8 large shield of Ignorance {rN+ AC+2 EV+2 Int-6 Curse}
   (You found it on level 5 of the Shoals)

   It affects your AC (+2).
   It affects your evasion (+2).
   It affects your intelligence (-6).
   It protects you from negative energy.
   It may recurse itself.
   It has a curse placed upon it.
 h - a cursed +4 gold dragon armour (worn)
 A - a +0 pair of gauntlets (worn)
 L - a cursed +0 cloak of darkness (worn)
 R - a cursed +0 pair of boots (worn)
Magical devices
 r - a wand of cold (4)
 u - a wand of digging (8)
 P - a wand of cold (7)
 Y - a wand of disintegration (3)
Comestibles
 b - 8 pears
 g - 7 apples
 i - a banana
 m - a choko
 n - 2 meat rations
 s - a lemon
 t - 23 grapes
 w - 2 cheeses
 G - 2 bread rations
Scrolls
 a - 2 scrolls of remove curse
 d - a scroll of recharging
 k - a scroll of silence
 y - 4 scrolls of amnesia
 C - 3 scrolls of fear
 D - a scroll of curse weapon
 E - 7 scrolls of identify
Jewellery
 e - an uncursed ring of flight
 f - a cursed +4 ring of evasion (left hand)
 I - a cursed ring of protection from magic (right hand)
 N - an amulet of resist mutation (around neck)
Potions
 o - 4 potions of restore abilities
 q - a potion of flight
 v - 2 potions of magic
 S - 4 potions of brilliance
 W - 2 potions of resistance
Miscellaneous
 l - a lamp of fire
 z - a stone of tremors (inert)
 F - a sack of spiders
 T - a box of beasts

≈≈≈≈≈≈≈≈≈≈≈≈≈≈≈≈≈≈≈ ≈≈ ≈ ≈
≈≈≈≈≈≈≈≈≈≈≈≈≈≈≈≈≈≈≈≈≈ ≈
≈≈≈≈≈≈≈≈≈≈≈≈≈≈≈≈≈≈·≈≈≈ ≈≈ ≈≈≈ ≈
≈≈≈≈ ≈≈≈≈≈≈≈≈≈≈≈≈≈≈≈≈≈≈ ≈≈ ≈
≈◦≈◦ ≈ ≈≈≈≈≈≈≈≈≈≈≈≈≈≈≈≈≈≈≈
◦◦◦≈≈≈ ≈≈≈≈≈≈≈≈≈≈·≈≈≈≈≈≈≈≈≈ ≈
·≈≈≈ ≈≈ ≈≈≈≈≈≈··≈≈≈≈≈≈≈≈ ≈≈≈ ≈≈
◦≈≈≈≈ ≈≈≈≈≈≈≈≈·····(·≈≈≈≈≈ ≈≈≈
◦≈≈≈ ≈≈≈≈≈≈··>a······≈≈≈ ≈ ≈ ≈
≈ ≈≈≈≈≈≈≈≈··▒········≈≈ ≈ ≈ ≈ ≈
≈≈≈≈≈≈≈≈≈··▒·········≈ ≈ ≈ ≈ ◦
≈ ·≈≈≈≈·······8·····≈≈ ≈≈≈ ◦◦
◦◦◦ ··≈≈≈≈≈····_······≈ ≈ ◦◦
··≈◦◦··≈≈≈≈≈≈>···8·····≈ ≈ ≈
◦······◦◦·≈≈≈≈≈≈≈····)·····≈≈ ≈
······≈≈◦≈≈≈≈≈≈≈···········≈≈ ≈
◦◦······≈◦··≈≈≈············≈≈≈≈
≈


There were no monsters in sight!


Message History

* * * LOW HITPOINT WARNING * * *
You feel extremely sick.
Drink which item? (? for menu, Esc to quit)
Okay, then.
* * * LOW HITPOINT WARNING * * *
You feel sick.
Drink which item? (? for menu, Esc to quit)
Okay, then.
Search for what [Enter for "great mace", or ? for help]? curing Put on which piece of jewellery? (? for menu, Esc to quit)
Okay, then.
* * * LOW HITPOINT WARNING * * *
You feel very sick.
* * * LOW HITPOINT WARNING * * *
You feel very sick.
* * * LOW HITPOINT WARNING * * *
You feel extremely sick.
You feel a little better.
* * * LOW HITPOINT WARNING * * *
You feel extremely sick.
* * * LOW HITPOINT WARNING * * *
You feel sick.
* * * LOW HITPOINT WARNING * * *
You feel extremely sick.
Unknown command.
* * * LOW HITPOINT WARNING * * *
You feel sick.
* * * LOW HITPOINT WARNING * * *
You feel extremely sick.
You die...

Action                   |  1- 3 |  4- 6 |  7- 9 | 10-12 | 13-15 | 16-18 | 19-21 || total
-------------------------+-------+-------+-------+-------+-------+-------+-------++-------
Melee: Mace              |    84 |   219 |       |       |       |       |       ||   303
       Giant spiked club |       |       |   316 |   639 |  1545 |  1445 |    14 ||  3959
Invok: Scrying           |       |       |       |       |       |     9 |       ||     9
 Abil: Dig               |       |       |       |       |     1 |       |       ||     1
Evoke: Wand              |       |       |    11 |    16 |     6 |    15 |       ||    48
       Miscellaneous     |       |       |       |       |       |    13 |       ||    13
  Use: Scroll            |       |     9 |     4 |     8 |    25 |    12 |     1 ||    59
       Potion            |       |       |     1 |     8 |     6 |    19 |     2 ||    36
 Stab: Invisible         |       |       |       |       |       |     5 |       ||     5
       Held in net/web   |       |       |       |       |       |     2 |       ||     2
       Distracted        |       |       |       |       |       |     1 |       ||     1

Vault maps used:
D:1:      ldierk_walled_garden
D:2:      overflow_temple_1_default
D:3:      grunt_ministairs_9, uniq_crazy_yiuf_cottage
D:4:      fedhas_altar_4, minmay_misc_feat_more_columns, uniq_iyjb, uniq_edmund
D:5:      wad_pebble_path, first_bread, grunt_ministairs_9, uniq_grinder,
          uniq_eustachio
D:6:      lemuel_temple_firewalk_marked, elyvilon_altar_4
D:7:      lemuel_crystal_altar, basic_altar, hangedman_fish_farm,
          nicolae_zen_rock_garden, uniq_pikel, uniq_menkaure, uniq_joseph
D:8:      uniq_maurice
D:9:      tengu_band, uniq_blork_the_orc, uniq_psyche
D:10:     erik_orc_2
D:11:     serial_undead, serial_undead_f, serial_undead_f, serial_undead_d,
          serial_undead_a, serial_undead_d, serial_undead_e, serial_shops,
          shop_statue, portal_ice_cave_entry_ice_beasts, uniq_grum
D:12:     serial_shops, shop
D:13:     dpeg_lair_monsters, serial_shops, shop, grunt_decor_arrowhead
D:15:     uniq_maud, uniq_nessos
D:16:     minmay_diamond_stairs, bailey_entry_trowel,
          minmay_dual_archer_statues, uniq_josephine
Temple:   circular_temple_12
Orc:2:    basic_altar
Orc:4:    grunt_orc_community_town_hall, grunt_orc_community_big_house_2,
          grunt_orc_community_big_house_2, grunt_orc_community_house_1,
          grunt_orc_community_house_2, grunt_orc_community_house_1,
          grunt_orc_community_house_2, grunt_orc_community_house_3,
          grunt_orc_community_house_3
Lair:3:   uniq_gastronok
Lair:5:   minmay_shoals_entry_hut, dummy_snake_entry, roderic_batcave,
          roderic_carrion_pond
Lair:7:   zaba_anthell
Lair:8:   bearwithus, hangedman_lair_in_review, slime_altar_1, st_stairs_3
Shoals:1: nicolae_shoals_flooded_hall
Shoals:2: nicolae_shoals_square_sea_wall, uniq_wiglaf
Shoals:3: hangedman_feature_mirror, uniq_kirke, uniq_polyphemus
Shoals:5: shoals_end_simple, shoal_ilsuiw
Snake:2:  nrook_guardian_serpent_snake_passage

Notes
Turn   | Place    | Note
--------------------------------------------------------------
     0 | D:1      | MackTheKnife, the Formicid Fighter, began the quest for the Orb.
     0 | D:1      | Reached XP level 1. HP: 19/19 MP: 0/0
   114 | D:1      | Reached XP level 2. HP: 24/24 MP: 1/1
   187 | D:1      | Reached skill level 3 in Maces & Flails
   299 | D:1      | Reached XP level 3. HP: 26/29 MP: 2/2
   989 | D:2      | Reached XP level 4. HP: 30/33 MP: 3/3
  1189 | D:2      | Reached skill level 4 in Maces & Flails
  1274 | D:2      | Found a glowing golden altar of the Shining One.
  1675 | D:3      | Reached XP level 5. HP: 37/37 MP: 4/4
  1756 | D:3      | Reached skill level 5 in Maces & Flails
  1872 | D:3      | Reached XP level 6. HP: 25/43 MP: 5/5
  2334 | D:3      | Reached skill level 6 in Maces & Flails
  2502 | D:3      | Noticed Crazy Yiuf
  2520 | D:3      | Killed Crazy Yiuf
  2767 | D:3      | Noticed an ogre
  2779 | D:3      | Killed an ogre
  2779 | D:3      | Reached XP level 7. HP: 24/47 MP: 6/6
  2989 | D:4      | Noticed Ijyb
  3002 | D:4      | HP: 2/47 [Ijyb/club (4)]
  3006 | D:4      | Killed Ijyb
  3312 | D:4      | Reached skill level 7 in Maces & Flails
  3719 | D:4      | Noticed Edmund
  3732 | D:4      | Killed Edmund
  3732 | D:4      | Reached skill level 8 in Maces & Flails
  3732 | D:4      | Reached XP level 8. HP: 48/53 MP: 7/7
  4229 | D:4      | Found a blossoming altar of Fedhas.
  4343 | D:5      | Entered Level 5 of the Dungeon
  4348 | D:5      | Noticed SkaryMonk's ghost (experienced DjFE)
  4364 | D:5      | Killed SkaryMonk's ghost
  4364 | D:5      | Reached skill level 9 in Maces & Flails
  4471 | D:5      | Noticed Grinder
  4584 | D:5      | Reached skill level 10 in Maces & Flails
  4584 | D:5      | Reached XP level 9. HP: 18/57 MP: 8/8
  5011 | D:5      | Killed Grinder
  5180 | D:5      | Noticed Eustachio
  5506 | D:5      | Reached skill level 11 in Maces & Flails
  6181 | D:6      | Found a white marble altar of Elyvilon.
  6524 | D:6      | Reached skill level 12 in Maces & Flails
  6676 | D:6      | Found a staircase to the Ecumenical Temple.
  6686 | Temple   | Entered the Ecumenical Temple
  6695 | Temple   | Became a worshipper of Ashenzari the Shackled
  6825 | D:7      | Noticed SkaryMonk's ghost (experienced DrMo)
  7054 | D:7      | Reached skill level 4 in Armour
  7054 | D:7      | Reached XP level 10. HP: 54/62 MP: 9/9
  7205 | D:7      | Noticed Menkaure
  7219 | D:7      | Killed Menkaure
  7219 | D:7      | Reached skill level 4 in Fighting
  7266 | D:7      | Found a glowing silver altar of Zin.
  7269 | D:7      | Found an ancient bone altar of Kikubaaqudgha.
  7386 | D:7      | Reached skill level 5 in Armour
  7590 | D:7      | Killed SkaryMonk's ghost
  7590 | D:7      | Reached skill level 5 in Fighting
  7590 | D:7      | Reached skill level 6 in Armour
  7721 | D:7      | Noticed Joseph
  7728 | D:7      | Killed Joseph
  7728 | D:7      | Reached skill level 7 in Armour
  7902 | D:7      | Reached skill level 6 in Fighting
  8614 | D:7      | Noticed Pikel
  8625 | D:7      | Killed Pikel
  8833 | D:8      | Reached skill level 8 in Armour
  9283 | D:8      | HP: 2/65 [centaur (5)]
  9292 | D:8      | Reached skill level 7 in Fighting
  9292 | D:8      | Reached XP level 11. HP: 36/70 MP: 10/10
  9438 | D:8      | Noticed Maurice
  9448 | D:8      | Killed Maurice
 10254 | D:9      | Noticed Blork the orc
 10259 | D:9      | Reached skill level 9 in Armour
 10266 | D:9      | Killed Blork the orc
 10374 | D:9      | Noticed Psyche
 10386 | D:9      | Killed Psyche
 10511 | D:9      | Reached skill level 8 in Fighting
 10701 | D:9      | Acquired Ashenzari's first power
 10879 | D:9      | Reached skill level 10 in Armour
 11171 | D:10     | Entered Level 10 of the Dungeon
 11632 | D:10     | Noticed an unseen horror
 11638 | D:10     | Killed an unseen horror
 11638 | D:10     | Reached skill level 9 in Fighting
 12192 | D:10     | Reached skill level 11 in Armour
 12955 | D:11     | Noticed Grum
 13244 | D:11     | Noticed a hill giant
 13265 | D:11     | Killed a hill giant
 13265 | D:11     | Reached XP level 12. HP: 79/79 MP: 11/11
 13474 | D:11     | Found a frozen archway.
 13511 | D:11     | Reached skill level 10 in Fighting
 13513 | D:11     | Killed Grum
 13513 | D:11     | Reached skill level 12 in Armour
 14190 | D:11     | Found Mnais' Food Emporium.
 14480 | D:12     | Found Xyfugg's Assorted Antiques.
 14485 | D:12     | Bought an orange potion for 20 gold pieces
 14485 | D:12     | Bought a pink potion for 20 gold pieces
 14489 | D:12     | Acquired Ashenzari's second power
 14500 | D:12     | Noticed an unseen horror
 14509 | D:12     | Killed an unseen horror
 14734 | D:12     | Reached skill level 11 in Fighting
 14734 | D:12     | Reached skill level 13 in Armour
 14973 | D:12     | Noticed an unseen horror
 14980 | D:12     | Killed an unseen horror
 15199 | D:12     | Reached XP level 13. HP: 44/86 MP: 12/12
 15889 | D:13     | Reached skill level 12 in Fighting
 16273 | D:13     | Found a staircase to the Lair.
 16303 | D:13     | Found Fetaerr's Magical Wand Shop.
 16419 | D:13     | Reached skill level 13 in Maces & Flails
 16910 | Lair:1   | Entered Level 1 of the Lair of Beasts
 17082 | Lair:1   | Acquired Ashenzari's third power
 17319 | Lair:1   | Reached skill level 1 in Dodging
 17990 | Lair:2   | Noticed timbw's ghost (experienced DjGl)
 17997 | Lair:2   | Killed timbw's ghost
 18792 | Lair:3   | Reached skill level 13 in Fighting
 19097 | Lair:3   | Reached XP level 14. HP: 91/94 MP: 13/13
 19273 | Lair:3   | Noticed Gastronok
 19274 | Lair:3   | Acquired Ashenzari's fourth power
 19282 | Lair:3   | Killed Gastronok
 19335 | Lair:3   | Reached skill level 14 in Armour
 20737 | Lair:5   | Upgraded the game from 0.14-a0-817-g3f7b0b1 to 0.14-a0-836-g5210f43
 21202 | Lair:5   | Found a staircase to the Shoals.
 21275 | Lair:5   | Reached skill level 14 in Fighting
 21300 | Lair:5   | Upgraded the game from 0.14-a0-836-g5210f43 to 0.14-a0-840-g06343e3
 21529 | Lair:5   | Found a staircase to the Snake Pit.
 22019 | Lair:6   | Reached skill level 15 in Armour
 23232 | Lair:7   | Reached XP level 15. HP: 90/102 MP: 14/14
 23796 | Lair:8   | Entered Level 8 of the Lair of Beasts
 23829 | Lair:8   | Reached skill level 16 in Armour
 23976 | Lair:8   | Found a staircase to the Slime Pits.
 23977 | Lair:8   | Found a viscous altar of Jiyva.
 24388 | Lair:8   | Reached skill level 15 in Fighting
 24805 | Lair:8   | Reached skill level 14 in Maces & Flails
 25480 | Lair:8   | Identified the cursed +0,+2 sabre of Execution {drain, rC+}
 26029 | D:10     | Found a staircase to the Orcish Mines.
 26049 | Orc:1    | Entered Level 1 of the Orcish Mines
 26684 | Orc:2    | Found a roughly hewn altar of Beogh.
 27905 | Orc:3    | Noticed an orc warlord
 27930 | Orc:2    | Killed an orc warlord
 28785 | Orc:3    | Noticed an orc warlord
 29015 | Orc:2    | Killed an orc warlord
 29015 | Orc:2    | Reached skill level 16 in Fighting
 29015 | Orc:2    | Reached XP level 16. HP: 74/111 MP: 15/15
 29275 | Orc:3    | Found a staircase to the Elven Halls.
 29462 | Orc:4    | Entered Level 4 of the Orcish Mines
 29721 | Orc:4    | Found a roughly hewn altar of Beogh.
 29814 | Orc:4    | Found Muogoadu's Magic Scroll Shoppe.
 29816 | Orc:4    | Found a roughly hewn altar of Beogh.
 29858 | Orc:4    | Bought a scroll of enchant armour for 60 gold pieces
 29858 | Orc:4    | Bought a scroll of brand weapon for 220 gold pieces
 29861 | Orc:4    | Bought a scroll of curse armour for 22 gold pieces
 29862 | Orc:4    | Bought a scroll of enchant weapon III for 220 gold pieces
 29865 | Orc:4    | Bought a scroll of enchant weapon II for 60 gold pieces
 30030 | Orc:4    | Found a roughly hewn altar of Beogh.
 30100 | Orc:4    | Found Unejaklustri's Antique Armour Shoppe.
 30100 | Orc:4    | Found a roughly hewn altar of Beogh.
 30100 | Orc:4    | Noticed Saint Roka
 30102 | Orc:4    | Found Ghou's Antique Weapon Emporium.
 30126 | Orc:4    | Found a roughly hewn altar of Beogh.
 30130 | Orc:4    | Found Inwalal's General Store.
 30176 | Orc:4    | Reached skill level 15 in Maces & Flails
 30235 | Orc:4    | Found a roughly hewn altar of Beogh.
 30624 | Orc:4    | Killed Saint Roka
 30908 | Orc:4    | Bought a glowing cloak for 28 gold pieces
 30956 | Orc:4    | Bought a scroll of identify for 22 gold pieces
 30956 | Orc:4    | Bought a scroll of remove curse for 33 gold pieces
 30956 | Orc:4    | Bought a scroll of remove curse for 33 gold pieces
 30956 | Orc:4    | Bought a scroll of remove curse for 33 gold pieces
 30956 | Orc:4    | Bought a scroll of curse jewellery for 22 gold pieces
 31509 | D:14     | Identified the +1,+6 flail of Overwhelming Force {holy, MR++}
 31982 | D:15     | Entered Level 15 of the Dungeon
 31982 | D:15     | Noticed Nessos
 32305 | D:15     | Noticed Maud
 32330 | D:15     | Killed Maud
 32962 | D:15     | Killed Nessos
 33484 | D:15     | Reached skill level 17 in Fighting
 34030 | D:15     | Reached skill level 16 in Maces & Flails
 34153 | D:16     | Found a flagged portal.
 34174 | D:16     | Reached skill level 2 in Dodging
 34211 | D:16     | HP: 6/113 [skeletal warrior/+0,+0 battleaxe (12)]
 34645 | D:16     | Noticed Josephine
 34652 | D:16     | Reached XP level 17. HP: 106/118 MP: 11/16
 34927 | Snake:1  | Entered Level 1 of the Snake Pit
 35427 | Snake:1  | Reached skill level 3 in Dodging
 36868 | Snake:2  | Reached skill level 4 in Dodging
 37856 | Snake:3  | Reached skill level 5 in Dodging
 38482 | Lair:4   | Reached skill level 6 in Dodging
 38683 | Shoals:1 | Entered Level 1 of the Shoals
 38943 | Shoals:1 | Reached skill level 7 in Dodging
 39743 | Shoals:2 | Reached skill level 8 in Dodging
 39794 | Shoals:2 | Noticed Wiglaf
 39814 | Shoals:2 | Killed Wiglaf
 40541 | Shoals:3 | Found a glowing silver altar of Zin.
 40546 | Shoals:3 | Noticed Polyphemus
 40874 | Shoals:3 | Reached skill level 9 in Dodging
 40939 | Shoals:3 | Reached XP level 18. HP: 125/125 MP: 17/17
 41133 | Shoals:3 | Noticed Kirke
 41163 | Shoals:3 | Killed Kirke
 41279 | Shoals:3 | Killed Polyphemus
 41297 | Shoals:3 | Reached skill level 10 in Dodging
 42073 | Shoals:3 | Found an ancient bone altar of Kikubaaqudgha.
 42101 | Shoals:4 | Reached skill level 1 in Evocations
 42139 | Shoals:4 | Reached skill level 2 in Evocations
 42578 | Shoals:4 | Reached skill level 3 in Evocations
 42795 | Shoals:4 | Reached skill level 4 in Evocations
 42853 | Shoals:4 | Reached skill level 5 in Evocations
 43026 | Shoals:4 | Noticed Jake482's ghost (powerful DsFE)
 43036 | Shoals:4 | Killed Jake482's ghost
 43197 | Shoals:5 | Entered Level 5 of the Shoals
 43220 | Shoals:5 | Yermak: Ефлу ше
 43220 | Shoals:5 | MackTheKnife: yo
 43220 | Shoals:5 | Yermak: Take it *
 43222 | Shoals:5 | Yermak: Hi
 43224 | Shoals:5 | Reached skill level 6 in Evocations
 43346 | Shoals:5 | MackTheKnife: yeah I might find some good dwhip later
 43346 | Shoals:5 | Yermak: Oh, right GSC is 2H
 43346 | Shoals:5 | MackTheKnife: ye
 43360 | Shoals:5 | Yermak: oh some great mace
 43364 | Shoals:5 | Yermak: which is 1H
 43364 | Shoals:5 | MackTheKnife: can you use great mace+shield as Fo?
 43365 | Shoals:5 | Yermak: yes
 43367 | Shoals:5 | MackTheKnife: sick
 43420 | Shoals:5 | Yermak: I'd found randart vampiric great mace on that my dwant.
 43437 | Shoals:5 | Reached skill level 7 in Evocations
 43442 | Shoals:5 | MackTheKnife: that'd be nice
 43512 | Shoals:5 | Yermak: But I died before I could use it
 43656 | Shoals:5 | MackTheKnife: aw
 43656 | Shoals:5 | MackTheKnife: to what?
 43678 | Shoals:5 | Yermak: couple of mambas
 43692 | Shoals:5 | Noticed Ilsuiw
 43693 | Shoals:5 | MackTheKnife: hm
 44177 | Shoals:5 | Reached skill level 8 in Evocations
 44348 | Shoals:5 | Killed Ilsuiw
 44379 | Shoals:5 | Yermak: invis is of great help here
 44381 | Shoals:5 | MackTheKnife: thanks
 44397 | Shoals:4 | MackTheKnife: saved me :)
 44397 | Shoals:4 | Yermak: too bad you're using it for escape
 44400 | Shoals:4 | Reached skill level 9 in Evocations
 44620 | Shoals:4 | MackTheKnife: well, ye
 45321 | Shoals:5 | Got a barnacled rune of Zot
 45382 | Shoals:5 | Reached XP level 19. HP: 96/132 MP: 30/30
 45612 | Shoals:3 | MackTheKnife: might actually die
 45612 | Shoals:3 | MackTheKnife: of this pois
 45612 | Shoals:3 | MackTheKnife: heh
 45619 | Shoals:3 | HP: 8/132 [poisoned by a merfolk]
 45620 | Shoals:3 | Succumbed to a merfolk's poison

Vanquished Creatures
  Saint Roka (Orc:4)
  Polyphemus (Shoals:3)
  Kirke (Shoals:3)
  Ilsuiw (Shoals:5)
  Wiglaf (Shoals:2)
  Maud (D:15)
  2 orc warlords (Orc:2)
  Gastronok (Lair:3)
  The ghost of Jake482 the Destroyer, a powerful DsFE of Jiyva (Shoals:4)
  7 merfolk javelineers
  6 merfolk impalers
  6 sirens
  An ogre mage (D:15)
  4 merfolk aquamancers
  Nessos (D:15)
  2 hydras
  3 anacondas
  3 naga warriors
  A rakshasa (D:15)
  A very ugly thing (Shoals:3)
  6 death yaks
  4 centaur warriors
  3 skeletal warriors
  2 catoblepae
  3 unseen horrors
  5 hill giants
  12 sea snakes
  A hill giant (shapeshifter) (D:14)
  The ghost of timbw the Cleaver, an experienced DjGl of Okawaru (Lair:2)
  A wolf spider zombie (D:14)
  2 orc knights
  Joseph (D:7)
  The ghost of SkaryMonk the Poker, an experienced DrMo of Okawaru (D:7)
  4 orc sorcerers
  2 harpies (Shoals:5)
  4 cyclopes
  2 griffons (Lair:8)
  6 octopodes
  2 guardian serpents (Snake:2)
  8 elephants
  20 black mambas
  A queen ant (Lair:7)
  Psyche (D:9)
  12 spiny frogs
  A feature mimic (D:11)
  A fire drake (Lair:7)
  The ghost of SkaryMonk the Arsonist, an experienced DjFE (D:5)
  2 trolls
  Grinder (D:5)
  4 naga magi
  A two-headed ogre (D:15)
  7 mermaids
  4 komodo dragons
  2 hydra zombies (D:11)
  6 polar bears (Lair:8)
  2 komodo dragons (shapeshifter) (D:14)
  A griffon zombie (D:11)
  8 slime creatures
  11 grizzly bears (Lair:8)
  18 snapping turtles
  9 blink frogs
  3 trapdoor spiders
  A water elemental (Shoals:5)
  A fire dragon zombie (D:11)
  4 basilisks
  3 wraiths
  32 ugly things
  6 wyverns
  2 elephant slugs
  5 sharks
  45 yaks
  Grum (D:11)
  3 vampire mosquitoes (D:15)
  5 hogs (Shoals:3)
  14 hippogriffs
  48 merfolk
  2 hungry ghosts
  2 steam dragons
  A hill giant skeleton (D:11)
  11 manticores
  Edmund (D:4)
  Menkaure (D:7)
  9 wolves
  A mottled dragon (shapeshifter) (D:15)
  13 soldier ants (Lair:7)
  15 necrophages
  11 ice beasts
  3 porcupines
  5 black bears (Lair:8)
  39 nagas
  A mottled dragon (D:15)
  47 orc warriors
  3 sky beasts
  A giant goldfish (D:10)
  A phantom (D:9)
  A slave (D:7)
  12 ogres
  5 tengu (D:9)
  14 crocodiles
  A rotting devil (Orc:4)
  11 centaurs
  3 big kobolds
  A boring beetle (Lair:8)
  8 giant slugs
  27 water moccasins
  A giant slug zombie (D:14)
  5 wargs
  Blork the orc (D:9)
  A wyvern zombie (D:11)
  7 agate snails
  27 giant frogs
  2 manticore zombies
  A cyclops skeleton (D:10)
  A hippogriff zombie (D:11)
  18 killer bees
  9 electric eels
  2 troll zombies
  6 wights
  A jellyfish (D:10)
  A yak skeleton (D:9)
  4 jellies
  A goliath beetle (D:6)
  8 hounds
  A quasit (D:6)
  7 big fish
  12 crimson imps
  Crazy Yiuf (D:3)
  A giant frog zombie (D:12)
  47 orc priests
  9 iguanas
  9 scorpions
  A two-headed ogre skeleton (D:8)
  44 orc wizards
  10 sheep
  41 worker ants
  Ijyb (D:4)
  A mottled dragon skeleton (D:13)
  A mottled dragon zombie (D:9)
  A hound skeleton (D:10)
  A worker ant zombie (D:11)
  3 mummies (D:11)
  10 gnolls
  41 adders
  6 giant centipedes
  39 green rats
  5 giant mites
  An inept feature mimic (D:4)
  2 worms
  A giant centipede zombie (D:11)
  An orc skeleton (Orc:4)
  2 scorpion zombies
  An adder skeleton (D:9)
  A giant eyeball (D:5)
  5 giant geckos
  An ooze (D:1)
  225 orcs
  5 giant cockroaches
  24 hobgoblins
  27 jackals
  10 quokkas
  6 ball pythons
  A ball python zombie (D:6)
  36 bats
  6 giant newts
  A giant spore (D:14)
  23 goblins
  21 kobolds
  7 orc zombies
  28 rats
  A rat zombie (D:6)
  11 ballistomycetes
  4 plants
1490 creatures vanquished.

Vanquished Creatures (collateral kills)
  A merfolk javelineer (Shoals:5)
  A siren (Shoals:5)
  A catoblepas (Lair:8)
  Pikel (D:7)
  A snapping turtle (Shoals:5)
  3 water elementals (Shoals:5)
  A merfolk (Shoals:5)
  A manticore (Shoals:5)
  A water moccasin (Lair:8)
  A bat (Shoals:5)
12 creatures vanquished.

Vanquished Creatures (others)
  Maurice (D:8)
  An efreet (Shoals:5)
  A two-headed ogre (D:7)
  7 trapdoor spiders (Shoals:5)
  4 redbacks (Shoals:5)
  A yak (Lair:8)
  2 earth elementals (Shoals:5)
  2 adders
  An orc (Orc:3)
  3 chimeras
  A hobgoblin (D:6)
  A quokka (D:6)
  2 giant spores (D:9)
  A ballistomycete (D:9)
  2 fungi (Lair:8)
  6 plants
  5 toadstools (D:1)
41 creatures vanquished.

Grand Total: 1543 creatures vanquished
